 Dungeon Crawl Stone Soup version 0.17-a0-737-gf0a300a (webtiles) character file.

4960 Leibowitz the Nimble (level 10, -5/59 HPs)
             Began as a Kobold Gladiator on Apr 25, 2015.
             Was a High Priest of Okawaru.
             Slain by an orc warrior
             ... wielding a +0 halberd
              (7 damage)
             ... on level 10 of the Dungeon on Apr 26, 2015.
             The game lasted 00:36:49 (9940 turns).

Leibowitz the Nimble (Kobold Gladiator)             Turns: 9940, Time: 00:36:49

Health: -5/59      AC:  9    Str: 14      XL:     10   Next: 82%
Magic:  20/20      EV: 24    Int:  6      God:    Okawaru [*****.]
Gold:   295        SH:  0    Dex: 19 (20) Spells: 0 memorised, 9 levels left

rFire  . . .     SeeInvis .     a - +0 rapier
rCold  . . .     Clarity  .     B - +2 robe of Ahizakug {rElec}
rNeg   . . .     SustAb   .     w - +1 buckler
rPois  .         Gourm    +     c - +0 helmet
rElec  +         Spirit   .     E - +1 cloak
rCorr  .         Warding  .     u - +0 pair of gloves
rMut   .         Stasis   .     h - +0 pair of boots
MR     .....                    v - amulet of the gourmand
Stlth  ++........               (no ring)
                                l - ring of magical power

@: confused, drained, not resistant to hostile enchantments, unstealthy
A: carnivore 3
a: Heroism, Finesse, Renounce Religion


You were on level 10 of the Dungeon.
You worshipped Okawaru.
Okawaru was extremely pleased with you.
You were very full.

You visited 1 branch of the dungeon, and saw 10 of its levels.

You collected 432 gold pieces.
You spent 137 gold pieces at shops.

Inventory:

Hand weapons
 a - a +0 rapier (weapon)
Missiles
 g - 15 poisoned needles
 r - a throwing net (quivered)
Armour
 c - a +0 helmet (worn)
 h - a +0 pair of boots (worn)
 u - a +0 pair of gloves (worn)
 w - a +1 buckler (worn)
 x - the +1 robe of Inaction {rF- rN+++ MR+ Slay-5}
   (You bought it in a shop on level 8 of the Dungeon)

   It affects your accuracy and damage with ranged weapons and melee attacks
   (-5).
   It makes you vulnerable to fire.
   It renders you almost immune to negative energy.
   It affects your resistance to hostile enchantments.
 B - the +2 robe of Ahizakug (worn) {rElec}
   (You found it on level 4 of the Dungeon)

   It insulates you from electricity.
 E - a +1 cloak (worn)
Jewellery
 l - a ring of magical power (left hand)
 v - an amulet of the gourmand (around neck)
 G - an uncursed ring of magical power
Magical devices
 b - a wand of flame (26)
 p - a wand of slowing (17)
 y - a wand of enslavement (0)
 z - a wand of paralysis (5)
 D - a wand of disintegration (1)
Scrolls
 e - 2 scrolls of amnesia
 j - a scroll of blinking
 k - 13 scrolls of identify
 m - a scroll of enchant weapon
 n - 3 scrolls of recharging
 o - 2 scrolls of enchant armour
 t - a scroll of fog
 A - 5 scrolls of teleportation
 C - 3 scrolls of remove curse
Potions
 f - a potion of restore abilities
 i - a potion of brilliance
 F - a potion of ambrosia
Comestibles
 d - 2 beef jerkies
 q - a slice of pizza
 H - a meat ration


   Skills:
 + Level 5.4(4.7) Fighting
 + Level 8.3(7.6) Short Blades
 - Level 2.6(2.0) Throwing
 + Level 1.8(1.2) Armour
 + Level 11.5(10.7) Dodging
 * Level 7.6(6.8) Stealth
 * Level 6.1(5.4) Shields
 + Level 0.2(0.0) Invocations
 + Level 1.4(0.8) Evocations


You had 9 spell levels left.
You didn't know any spells.

Dungeon Overview and Level Annotations

Branches:
Dungeon (10/15) Temple (0/1) D:4 Lair (0/8) D:8 D:10 Orc: D:9-12

Altars:
Ashenzari
Cheibriados
Dithmenos
Fedhas
Gozag
Kikubaaqudgha
Makhleb
Nemelex Xobeh
Okawaru
Ru
Trog
Vehumet
Xom
Yredelemnul
Zin

Shops:
D:7 [   D:8 ([*}*


Innate Abilities, Weirdness & Mutations

You are small and have problems with some larger weapons.
You are carnivorous and can eat meat at any time.


Message History

Okawaru accepts your kill.
The orc priest moves out of view.
A warg comes into view.
The warg barks!
The orc warrior barely misses you.
Things that are here:
a short sword; a big kobold corpse Drink which item? (? for menu, Esc to quit)
Okay, then.
Drink which item? (? for menu, Esc to quit)
You are confused.
You feel invigorated.
You hit the orc warrior but do no damage.
The orc warrior hits you with a flail!
The orc warrior hits you from afar with a halberd!!
* * * LOW HITPOINT WARNING * * *
You bump into the rock wall.
The orc warrior hits you with a flail.
* * * LOW HITPOINT WARNING * * *
The orc warrior hits you from afar with a halberd!
You die...

#...........# #..# #.#
)...........# ###.#### ####.#
#...........# #......### #.....
#...........###..)......####...).
#...........#.o....<.##.......<..
#...........#)#......#######.....
#..........ooK###o#### ####.#
#..........oo####o# #9#
######.####o# #@.# #.# #.#
oo.##### #.. ..# oCo..# ##. ...
.hu..K# ###' .. ..P....#
+..####... .....P.. #....'...
.o... ######9.. > #... #...


You could see 2 orc warriors.

Vanquished Creatures
  Maurice (D:8)
  A fire drake (D:9)
  A troll (D:9)
  3 hippogriffs
  A yak (D:8)
  A water moccasin (D:6)
  A wasp (D:8)
  2 ogres
  A sky beast (D:6)
  2 black bears
  2 phantoms
  A big kobold (D:10)
  3 centaurs
  5 giant frogs
  20 killer bees
  A water moccasin skeleton (D:4)
  A jelly (D:5)
  2 orc priests
  3 crimson imps
  Crazy Yiuf (D:4)
  A centaur zombie (D:6)
  A giant frog skeleton (D:4)
  2 orc wizards
  2 quasits
  6 hounds
  5 worker ants
  Terence (D:3)
  An iguana (D:8)
  2 worker ant zombies
  9 gnolls
  15 adders
  A shadow imp (D:7)
  3 oozes
  7 worms
  2 adder zombies
  2 adder skeletons (D:4)
  9 giant geckos
  12 orcs
  12 bats
  A bat skeleton (D:7)
  A bat zombie (D:5)
  6 giant cockroaches
  16 hobgoblins
  16 jackals
  5 quokkas
  A ball python (D:2)
  A giant gecko skeleton (D:8)
  5 giant newts
  11 goblins
  14 kobolds
  13 rats
236 creatures vanquished.

Vanquished Creatures (others)
  3 killer bees (D:8)
  A worker ant (D:8)
  A giant spore (D:8)
  2 fungi (D:8)
7 creatures vanquished.

Grand Total: 243 creatures vanquished

Notes
Turn   | Place    | Note
--------------------------------------------------------------
     0 | D:1      | Leibowitz, the Kobold Gladiator, began the quest for the Orb.
     0 | D:1      | Reached XP level 1. HP: 12/12 MP: 1/1
    73 | D:1      | Reached XP level 2. HP: 13/18 MP: 2/2
    75 | D:1      | Reached skill level 1 in Stealth
   333 | D:1      | Reached XP level 3. HP: 22/22 MP: 3/3
  1115 | D:2      | Reached XP level 4. HP: 25/27 MP: 4/4
  1184 | D:2      | Found a shadowy altar of Dithmenos.
  1231 | D:2      | Found a basalt altar of Yredelemnul.
  1687 | D:3      | Found a shimmering altar of Xom.
  1707 | D:3      | Noticed Terence
  1723 | D:3      | Killed Terence
  1723 | D:3      | Reached skill level 1 in Armour
  1723 | D:3      | Reached XP level 5. HP: 25/32 MP: 5/5
  2109 | D:3      | Found a snail-covered altar of Cheibriados.
  2117 | D:3      | Found an iron altar of Okawaru.
  2121 | D:3      | Became a worshipper of Warmaster Okawaru
  2153 | D:3      | Found a radiant altar of Vehumet.
  2154 | D:3      | Found a burning altar of Makhleb.
  2331 | D:3      | Reached skill level 5 in Short Blades
  2388 | D:3      | Found a sacrificial altar of Ru.
  2477 | D:3      | Reached skill level 5 in Dodging
  2485 | D:3      | Reached XP level 6. HP: 18/37 MP: 6/6
  3180 | D:4      | Found a staircase to the Ecumenical Temple.
  3276 | D:4      | Got a fabulously ornate robe
  3287 | D:4      | Identified the +2 robe of Ahizakug {rElec} (You found it on level 4 of the Dungeon)
  3313 | D:4      | Noticed Crazy Yiuf
  3321 | D:4      | Killed Crazy Yiuf
  3506 | D:4      | Reached XP level 7. HP: 34/41 MP: 7/7
  3566 | D:4      | Acquired Okawaru's first power
  3566 | D:4      | Reached skill level 6 in Dodging
  3566 | D:4      | Reached skill level 1 in Shields
  3759 | D:5      | Entered Level 5 of the Dungeon
  3833 | D:5      | Found a snail-covered altar of Cheibriados.
  4407 | D:5      | Found a shimmering altar of Xom.
  4585 | D:6      | Reached skill level 7 in Dodging
  4585 | D:6      | Reached XP level 8. HP: 22/48 MP: 8/8
  5349 | D:7      | Reached skill level 8 in Dodging
  5402 | D:7      | Found Zotiagask's Armour Shoppe.
  5568 | D:7      | Reached XP level 9. HP: 35/52 MP: 9/9
  5594 | D:7      | Reached skill level 5 in Stealth
  5865 | D:7      | Reached skill level 9 in Dodging
  6394 | D:7      | Reached skill level 10 in Dodging
  6423 | D:7      | Found an ancient bone altar of Kikubaaqudgha.
  6912 | D:8      | Found a staircase to the Lair.
  6938 | D:8      | Found Ahozxiddy's General Store.
  6989 | D:8      | Noticed Maurice
  7102 | D:8      | Found a shattered altar of Ashenzari.
  7230 | D:8      | Found a bloodstained altar of Trog.
  7362 | D:8      | Found Xul Enyqi's Assorted Antiques.
  7409 | D:8      | Bought a metallic white potion for 18 gold pieces
  7409 | D:8      | Bought a warped robe for 119 gold pieces
  7442 | D:8      | Reached XP level 10. HP: 58/58 MP: 10/10
  7517 | D:8      | Reached skill level 5 in Shields
  7626 | D:8      | Reached skill level 5 in Fighting
  7672 | D:8      | Reached skill level 1 in Evocations
  7697 | D:8      | Killed Maurice
  7697 | D:8      | Reached skill level 11 in Dodging
  7731 | D:8      | Identified the +1 robe of Inaction {rF- rN+++ MR+ Slay-5} (You bought it in a shop on level 8 of the Dungeon)
  7903 | D:8      | Found Nyonal's Armour Shoppe.
  7992 | D:8      | Found an opulent altar of Gozag.
  8026 | D:8      | Found Unotherah's Antique Weapon Emporium.
  8484 | D:8      | Found Lount's Gadget Boutique.
  8781 | D:9      | Found a blossoming altar of Fedhas.
  8842 | D:9      | Found a sparkling altar of Nemelex Xobeh.
  8992 | D:9      | Found a glowing silver altar of Zin.
  9060 | D:9      | Found a staircase to the Lair.
  9080 | D:9      | Acquired Okawaru's second power
  9564 | D:10     | Entered Level 10 of the Dungeon
  9578 | D:10     | Noticed a gargoyle
  9588 | D:10     | HP: 1/59 [gargoyle/stone arrow (14)]
  9910 | D:10     | Found a staircase to the Lair.
  9912 | D:10     | Noticed a hill giant
  9916 | D:10     | Noticed a red ugly thing
  9925 | D:10     | Noticed a hill giant
  9928 | D:10     | Noticed a hill giant
  9940 | D:10     | HP: 2/59 [orc warrior/flail (6)]
  9940 | D:10     | Slain by an orc warrior

Action                   |  1- 3 |  4- 6 |  7- 9 | 10-12 || total
-------------------------+-------+-------+-------+-------++-------
Melee: Rapier            |   119 |   246 |   756 |   304 ||  1425
Throw: Throwing net      |       |     7 |     1 |       ||     8
Invok: Heroism           |       |       |     1 |       ||     1
Evoke: Wand              |       |       |     7 |    11 ||    18
  Use: Potion            |       |       |    11 |     2 ||    13
       Scroll            |       |       |     9 |       ||     9
 Stab: Sleeping          |     5 |     4 |    16 |     7 ||    32
       Held in net/web   |       |     4 |       |       ||     4
       Distracted        |       |     1 |     2 |       ||     3
       Paralysed         |       |       |       |     2 ||     2
  Eat: Chunk             |     7 |     7 |    14 |     7 ||    35
       Meat ration       |     1 |     1 |       |       ||     2
